 Dungeon Crawl Stone Soup version 0.30.0-19-g36f170ea60 (webtiles) character file.

Game seed: 6419444233807325814

46934 safid the Gelid (level 14, -16/114 HPs)
             Began as a Merfolk Ice Elementalist on May 30, 2023.
             Was a High Priest of Vehumet.
             Demolished by a catoblepas (28 damage)
             ... on level 5 of the Lair of Beasts.
             The game lasted 00:54:43 (18038 turns).

safid the Gelid (Merfolk Ice Elementalist)         Turns: 18038, Time: 00:54:43

Health: -16/114    AC:  9    Str:  9    XL:     14   Next: 39%
Magic:  24/27      EV: 15    Int: 19    God:    Vehumet [*****.]
Gold:   1403       SH:  0    Dex: 14    Spells: 15/32 levels left

rFire   . . .        F - +0 demon whip (venom)
rCold   + . .        (no shield)
rNeg    . . .        i - +2 robe {Will+}
rPois   .            p - +0 helmet
rElec   .            H - +0 cloak
rCorr   .            (no gloves)
SInv    .            E - +2 pair of boots {Fly}
Will    +++..        D - amulet of regeneration
Stlth   ++           f - ring of protection from cold
HPRegen 1.19/turn    M - ring of willpower
MPRegen 0.20/turn

%: no passive effects
@: flying
A: (nimble swimmer 2), mertail
a: Renounce Religion


You were on level 5 of the Lair of Beasts.
You worshipped Vehumet.
Vehumet was extremely pleased with you.
You visited 3 branches of the dungeon, and saw 16 of its levels.
You also visited: Bailey and Volcano.

You collected 1403 gold pieces.

Inventory:

Hand Weapons
 F - a +0 demon whip of venom (weapon)
 N - a +0 demon blade of flaming
Missiles
 I - a throwing net
Armour
 i - a +2 robe of willpower (worn)
 p - a +0 helmet (worn)
 E - a +2 pair of boots of flying (worn)
 H - a +0 cloak (worn)
Jewellery
 f - a ring of protection from cold (left hand)
 q - a ring of flight
 w - a ring of fire
 D - an amulet of regeneration (around neck)
 M - a ring of willpower (right hand)
 O - a ring of resist corrosion
 P - a ring of wizardry
Wands
 e - a wand of mindburst (15)
 t - a wand of charming (6)
 y - a wand of roots (6)
 B - a wand of flame (63)
 J - a wand of digging (4)
 L - a wand of quicksilver (11)
Scrolls
 a - a scroll of fear {unknown}
 c - 5 scrolls of enchant armour
 g - a scroll of magic mapping
 h - 7 scrolls of teleportation
 m - 4 scrolls of fog
 r - 2 scrolls of blinking {unknown}
 v - a scroll of enchant weapon {unknown}
 C - a scroll of acquirement {unknown}
 K - a scroll of amnesia {unknown}
Potions
 b - 2 potions of magic
 d - 6 potions of might
 j - 3 potions of lignification {unknown}
 k - 5 potions of curing
 l - 3 potions of heal wounds {unknown}
 n - 2 potions of haste
 s - a potion of resistance {unknown}
 x - 3 potions of flight
 z - a potion of invisibility {unknown}
 A - 3 potions of degeneration {unknown}
 G - 3 potions of brilliance {unknown}


   Skills:
 + Level 11.7 Fighting
 - Level 8.0 Dodging
 - Level 2.1 Stealth
 + Level 9.6 Spellcasting
 + Level 20.7 Ice Magic


You had 15 spell levels left.
You knew the following spells:

 Your Spells              Type           Power      Damage    Failure   Level
a - Freeze                Ice            100%       1d10      0%          1
b - Frozen Ramparts       Ice            100%       1d16      0%          3
c - Ozocubu's Armour      Ice            73%        N/A       0%          3
d - Ozocubu's Refrigerat  Ice            36%        4d15      1%          7
e - Hailstorm             Conj/Ice       48%        3d11      1%          3

Your spell library contained the following spells:

 Spells                   Type           Power      Damage    Failure   Level
 Yara's Violent Unravell  Hex/Tmut       4%         3d4       45%         5
 Summon Ice Beast         Ice/Summ       48%        N/A       1%          4
 Portal Projectile        Hex/Tloc       18%        N/A       24%         3
 Tukima's Dance           Hex            9%         N/A       24%         3
 Blade Hands              Tmut           4%         N/A       91%         5


Dungeon Overview and Level Annotations

Branches:
Dungeon (10/15)            Temple (1/1) D:4            Lair (5/5) D:10
 Shoals (0/4) Lair:3        Snake (0/4) Lair:3        Slime (0/5) Lair:4
 Bailey (visited)         Volcano (visited)
    Orc: D:9-12

Altars:
Ashenzari
Cheibriados
Dithmenos
Elyvilon
Fedhas
Gozag
Hepliaklqana
Kikubaaqudgha
Makhleb
Nemelex Xobeh
Okawaru
Qazlal
Ru
Sif Muna
Trog
Uskayaw
Vehumet
Wu Jian
Xom
Yredelemnul
Zin
The Shining One

Shops:
D:4 [(

Portals:
Trove: D:10 (give +2 gold dragon scales)

Annotations:
D:6 3 runed translucent doors, Kamelo's ghost, novice GrEE
D:7 1 runed translucent door, tsMfbOW2's ghost, novice MeEE


Innate Abilities, Weirdness & Mutations

((You are very nimble when in or above water. (Stealth+, EV+, Speed+++)))
Your lower body shifts to a powerful aquatic tail in water.


Message History

Unknown command.
You hit the catoblepas but do no damage.
The catoblepas is moderately wounded.
The catoblepas breathes a plume of calcifying dust at you.
The blast of calcifying dust hits you but does no damage.
Unknown command.
You hit the catoblepas but do no damage.
The catoblepas looks as sick as possible!
The catoblepas is heavily wounded.
The catoblepas closely misses you.
Unknown command.
You hit the catoblepas.
The catoblepas looks as sick as possible!
The catoblepas is heavily wounded.
The catoblepas gores you!!
Unknown command.
You whack the catoblepas!
The catoblepas is severely wounded.
The catoblepas gores you.
Unknown command.
Casting: Ozocubu's Refrigeration (dangerous; 1% risk of failure)
Confirm with . or Enter, or press ? or * to list all spells.
Aiming: Freeze (safe; 0% risk of failure)
Press: ? - help, Shift-Dir - straight line, f - catoblepas
Aim: a catoblepas (calcifying dust, severely wounded, extremely poisoned)
You freeze the catoblepas!
The catoblepas is almost dead.
The catoblepas gores you!!
* * * LOW HITPOINT WARNING * * *
Casting: Freeze (safe; 0% risk of failure)
Confirm with . or Enter, or press ? or * to list all spells.
Aiming: Freeze (safe; 0% risk of failure)
Press: ? - help, Shift-Dir - straight line, f/p - catoblepas
Aim: a catoblepas (almost dead, extremely poisoned)
You freeze the catoblepas.
The catoblepas is almost dead.
The catoblepas gores you!!
* * * LOW HITPOINT WARNING * * *
You feel better. The catoblepas gores you!!
You die...

...# ##...# #............<......
...## #...####...................
....# #......#...................
...## #.................?........
....###....P.....................
.................................
.##...................8..........
..##.....#.(.#.Y#†...........8..#
...##.#####...##@.......8.......†
#....## #P..#.#...........8....#
##...#####....##.......8......###
#......#.....###...###......##
.......+......##..## ##......#
8.....8#P......#..# ##§..###P.#
.................####.§.## ##
##...###....)....# #..§##
##...#....#....### #..##


You could see a catoblepas (extremely poisoned).

Vanquished Creatures
  A red draconian (Volcano)
  Josephine (Lair:4)
  The ghost of Aldia the Thaumaturge, a journeyman DECj of Sif Muna (Lair:4)
  A hydra (Lair:5)
  An ogre mage (Volcano)
  3 boulder beetles
  5 two-headed ogres (Volcano)
  4 death yaks
  3 skysharks
  Amaemon (D:8)
  Pikel (D:5)
  2 harpies (Lair:3)
  An orc knight (Bailey)
  A salamander (Lair:3)
  Maurice (D:8)
  An ugly thing (D:8)
  12 elephants
  Joseph (D:7)
  5 black mambas
  A gargoyle (D:10)
  Maggie (Lair:1)
  A torpor snail (Lair:4)
  12 cane toads
  A rime drake (Lair:5)
  A kobold demonologist (D:10)
  An orange demon (D:8)
  4 komodo dragons
  2 polar bears
  Prince Ribbit (D:5)
  8 blink frogs (Lair:3)
  5 wraiths (Lair:4)
  54 yaks
  A fire elemental (Lair:2)
  A wyvern (Lair:3)
  3 basilisks
  7 fire bats (Volcano)
  A steam dragon (D:7)
  12 water moccasins
  10 orc warriors
  2 ice beasts
  A black bear (D:8)
  An ogre (D:5)
  6 wolves
  3 centaurs
  5 boggarts (D:9)
  3 lemures (D:5)
  A kobold brigand (D:7)
  A gnoll sergeant (D:9)
  7 scorpions
  11 bullfrogs
  4 wights (D:6)
  6 killer bees (D:7)
  3 electric eels (D:7)
  2 howler monkeys
  12 lava snakes
  3 jellies
  2 hounds (D:5)
  4 orc priests
  Ijyb (D:5)
  2 gnoll boudas (D:7)
  18 orc wizards
  Terence (D:2)
  6 hell rats (Lair:5)
  2 iguanas
  2 sleepcaps (D:8)
  Natasha (thrice) (D:2)
  Robin (D:2)
  6 adders
  7 gnolls
  A shadow imp (D:5)
  3 white imps
  2 ufetubi
  A worm (D:3)
  2 dart slugs
  34 orcs
  A bat (D:3)
  4 endoplasms
  6 giant cockroaches
  28 goblins
  12 hobgoblins
  3 jackals (D:3)
  6 quokkas
  6 ball pythons
  4 frilled lizards
  19 kobolds
  3 rats
434 creatures vanquished.

Notes
Turn   | Place    | Note
-------+----------+-------------------------------------------
     0 | D:1      | safid the Merfolk Ice Elementalist began the quest for the
                  | Orb.
     0 | D:1      | Reached XP level 1. HP: 13/13 MP: 3/3
   111 | D:1      | Reached XP level 2. HP: 16/20 MP: 0/5
   226 | D:1      | Reached skill level 1 in Fighting
   544 | D:1      | Found a faded altar of an unknown god.
   702 | D:1      | Reached XP level 3. HP: 23/26 MP: 3/6
  1084 | D:2      | Noticed Terence
  1089 | D:2      | Killed Terence
  1090 | D:2      | Reached skill level 5 in Ice Magic
  1096 | D:1      | Learned a level 3 spell: Frozen Ramparts
  1100 | D:1      | Learned a level 3 spell: Ozocubu's Armour
  1143 | D:2      | Noticed Natasha
  1152 | D:2      | Killed Natasha
  1153 | D:2      | Reached XP level 4. HP: 19/33 MP: 3/8
  1275 | D:2      | Noticed Natasha
  1286 | D:2      | Killed Natasha
  1287 | D:2      | Reached XP level 5. HP: 32/39 MP: 4/9
  1614 | D:2      | Noticed Natasha
  1619 | D:2      | Killed Natasha
  1683 | D:2      | Noticed Robin
  1694 | D:2      | Killed Robin
  2068 | D:3      | You fall into a shaft and drop 1 floor!
  2114 | D:4      | Found a snail-covered altar of Cheibriados.
  2155 | D:4      | Found a staircase to the Ecumenical Temple.
  2172 | D:4      | Reached XP level 6. HP: 40/47 MP: 4/11
  2173 | Temple   | Entered the Ecumenical Temple
  2991 | D:3      | Reached skill level 6 in Ice Magic
  3943 | D:4      | Found an ornate altar of the Wu Jian Council.
  4098 | D:4      | Found an opulent altar of Gozag.
  4136 | D:4      | Found an iron altar of Okawaru.
  4213 | D:4      | Found Iranugio's Armour Boutique.
  4269 | D:4      | Found Secoaschu's Antique Weapon Boutique.
  4348 | D:5      | Entered Level 5 of the Dungeon
  4373 | D:5      | Noticed Prince Ribbit
  4380 | D:5      | Noticed Pikel
  4381 | D:5      | Killed Prince Ribbit
  4382 | D:5      | Reached XP level 7. HP: 55/55 MP: 5/13
  4398 | D:5      | Killed Pikel
  4399 | D:5      | Reached skill level 5 in Fighting
  4399 | D:5      | Reached skill level 5 in Spellcasting
  4399 | D:5      | Reached skill level 7 in Ice Magic
  4399 | D:5      | Reached XP level 8. HP: 18/64 MP: 5/15
  4621 | D:5      | Noticed Ijyb
  4823 | D:5      | Killed Ijyb
  5078 | D:5      | Found a large runed translucent door.
  5078 | D:5      | Found a large runed translucent door.
  5468 | D:5      | Found a radiant altar of Vehumet.
  5471 | D:5      | Found a blossoming altar of Fedhas.
  5487 | D:5      | Became a worshipper of Vehumet
  5549 | D:6      | Reached skill level 8 in Ice Magic
  5881 | D:6      | Reached XP level 9. HP: 62/71 MP: 11/18
  5962 | D:6      | Found a runed translucent gate.
  5962 | D:6      | Found a runed translucent gate.
  6404 | D:6      | Found a runed translucent gate.
  6408 | D:6      | Noticed Kamelo's ghost (novice GrEE)
  6699 | D:7      | Found a runed translucent door.
  6702 | D:7      | Noticed tsMfbOW2's ghost (novice MeEE)
  6721 | D:7      | Reached * piety under Vehumet
  6721 | D:7      | Offered knowledge of Magic Dart by Vehumet.
  6723 | D:7      | Reached skill level 9 in Ice Magic
  6769 | D:7      | Found a basalt altar of Yredelemnul.
  6773 | D:7      | Found a flagged portal.
  6785 | Bailey   | Entered a bailey
  7288 | Bailey   | Noticed an orc knight
  7340 | Bailey   | Killed an orc knight
  7632 | D:7      | Noticed Joseph
  7652 | D:7      | Killed Joseph
  7653 | D:7      | Reached XP level 10. HP: 16/82 MP: 15/21
  7765 | D:7      | Reached skill level 10 in Ice Magic
  7847 | D:7      | Offered knowledge of Poisonous Vapours by Vehumet.
  7901 | D:7      | Reached ** piety under Vehumet
  7994 | D:7      | Identified the amulet of the Heavens {Faith Int+4}
  8632 | D:8      | Found a glowing golden altar of the Shining One.
  8706 | D:8      | Reached skill level 10 in Fighting
  8706 | D:8      | Reached skill level 11 in Ice Magic
  8728 | D:8      | Noticed Amaemon
  8728 | D:8      | Noticed an orange demon
  8743 | D:8      | Killed Amaemon
  8747 | D:8      | Killed an orange demon
  8912 | D:8      | Noticed Maurice
  8923 | D:8      | Killed Maurice
  8924 | D:8      | Reached skill level 12 in Ice Magic
  9126 | D:8      | Learned a level 7 spell: Ozocubu's Refrigeration
  9168 | D:8      | Found an ancient bone altar of Kikubaaqudgha.
  9193 | D:8      | Offered knowledge of Scorch by Vehumet.
  9194 | D:8      | Reached XP level 11. HP: 90/90 MP: 20/23
  9220 | D:8      | Noticed a cyan ugly thing
  9229 | D:8      | Killed a cyan ugly thing
  9429 | D:9      | Reached skill level 13 in Ice Magic
  9595 | D:9      | Found a broken altar of Ashenzari.
  9595 | D:9      | Found a glowing silver altar of Zin.
  9770 | D:9      | Reached *** piety under Vehumet
 10162 | D:9      | Noticed a deep elf pyromancer
 10239 | D:10     | Entered Level 10 of the Dungeon
 10239 | D:10     | Found a portal to a secret trove of treasure.
 10335 | D:10     | Reached skill level 14 in Ice Magic
 10492 | D:10     | Found a staircase to the Lair.
 10671 | D:10     | Offered knowledge of Hailstorm by Vehumet.
 10678 | D:10     | Learned a level 3 spell: Hailstorm
 11013 | D:10     | Reached skill level 15 in Ice Magic
 11199 | Lair:1   | Entered Level 1 of the Lair of Beasts
 11239 | Lair:1   | Found a shimmering altar of Xom.
 11416 | Lair:1   | Noticed Maggie
 11426 | Lair:1   | Killed Maggie
 11570 | Lair:1   | Reached XP level 12. HP: 77/97 MP: 24/24
 11572 | Lair:1   | Reached skill level 16 in Ice Magic
 12195 | Lair:2   | Reached **** piety under Vehumet
 12224 | Lair:2   | Noticed a boulder beetle
 12247 | Lair:2   | Killed a boulder beetle
 12251 | Lair:2   | Found a dark tunnel.
 12262 | Volcano  | Entered a volcano
 12482 | Volcano  | Reached skill level 17 in Ice Magic
 12534 | Volcano  | Offered knowledge of Olgreb's Toxic Radiance by Vehumet.
 12682 | Volcano  | Noticed a two-headed ogre
 12682 | Volcano  | Noticed a two-headed ogre
 12684 | Volcano  | Noticed a two-headed ogre
 12684 | Volcano  | Noticed a two-headed ogre
 12690 | Volcano  | Killed a two-headed ogre
 12695 | Volcano  | Killed a two-headed ogre
 12697 | Volcano  | Killed a two-headed ogre
 12698 | Volcano  | Noticed a two-headed ogre
 12698 | Volcano  | Killed a two-headed ogre
 12707 | Volcano  | Killed a two-headed ogre
 12708 | Volcano  | Reached skill level 18 in Ice Magic
 12711 | Volcano  | Noticed a red draconian
 12765 | Volcano  | Noticed an ogre mage
 12781 | Volcano  | Killed a red draconian
 12789 | Volcano  | Killed an ogre mage
 12886 | Volcano  | Found a burning altar of Makhleb.
 12913 | Volcano  | Found a burning altar of Makhleb.
 13382 | Lair:2   | Noticed a skyshark
 13396 | Lair:2   | Killed a skyshark
 13571 | Lair:2   | Reached skill level 19 in Ice Magic
 13573 | Lair:2   | Reached XP level 13. HP: 17/103 MP: 7/25
 13740 | Lair:2   | You are sucked into a shaft and drop 1 floor!
 14334 | Lair:3   | Reached skill level 20 in Ice Magic
 14782 | Lair:3   | Found a staircase to the Shoals.
 14926 | Lair:3   | Found a staircase to the Snake Pit.
 15151 | Lair:3   | Reached skill level 5 in Dodging
 15774 | Lair:4   | Noticed Josephine
 15785 | Lair:4   | Killed Josephine
 15790 | Lair:4   | Reached ***** piety under Vehumet
 16107 | Lair:4   | Offered knowledge of Yara's Violent Unravelling by Vehumet.
 16114 | Lair:4   | Reached XP level 14. HP: 62/113 MP: 24/27
 16537 | Lair:4   | Found a staircase to the Slime Pits.
 16580 | Lair:4   | Identified the +4 flail "Ynismots" {drain, rN+ Str+4}
 16583 | Lair:4   | Found a runed translucent door.
 16606 | Lair:4   | Noticed Aldia's ghost (journeyman DECj)
 16850 | Lair:4   | Killed Aldia's ghost
 17001 | Lair:5   | Entered Level 5 of the Lair of Beasts
 18038 | Lair:5   | Demolished by a catoblepas

Illustrated notes

Levels and vault maps discovered:
D:1:      lemuel_arrival_muddy, layout_loops_ring,
          dreamdust_ecumenical_altar_grove
D:2:      layout_loops_ring, uniq_robin, uniq_natasha, uniq_terence
D:3:      cheibrodos_greedy_goblins, layout_basic, minmay_surrounded
D:4:      layout_layer_cave, cheibriados_altar_1,
          nicolae_wu_jian_immortal_techniques, jmf_multi_god_temple,
          minmay_temple_entry_ruins, serial_shops, nicolae_shop_back_alley_shop,
          nicolae_shop_real_fake_doors
D:5:      layout_rooms, jmf_multi_god_temple2, uniq_prince_ribbit1, uniq_pikel,
          uniq_ijyb
D:6:      layout_rooms, gammafunk_ghost_necromancy, hangedman_decor_opposing
D:7:      minmay_octagon_keep, layout_loops_ring, yredelemnul_altar_generic,
          enter_bailey_3, ebering_ghost_reflecting_pool, serial_bayou_lake_a,
          uniq_joseph
D:8:      layout_loops_ring, general_overflow_altar, amcnicky_altar_gilded,
          uniq_amaemon, uniq_maurice
D:9:      layout_irregular_city, nicolae_overflow_two_pavilions
D:10:     layout_small_grid, grunt_lair_entry_orc_guard_hut, enter_trove_0,
          chequers_jeans
Temple:   nicolae_temple_bog_church
Lair:1:   layout_cave_pods, basic_altar, uniq_maggie
Lair:2:   layout_gridlike, nicolae_volcano_entry_lava_flow, serial_bayou_shore_b
Lair:3:   layout_regular_city, nicolae_shoals_entry_roost,
          nicolae_snake_entry_warm_welcome
Lair:4:   layout_roguey, slime_entry_1, ebering_ghost_reflecting_pool,
          lemuel_fruit_tree, serial_bayou_shore_b, uniq_josephine
Lair:5:   evilmike_catoblepas_cave, layout_small_grid, grunt_megastairs_5

Skill      XL: |  1  2  3  4  5  6  7  8  9 10 11 12 13 14 |
---------------+-------------------------------------------+-----
Fighting       | 1 2 3 4 5 6 8 10 11 | 11.7
Ice Magic      | 5 6 7 8 9 12 15 19 20 | 20.7
Spellcasting   | 3 4 5 6 7 8 9 |  9.6
Dodging        | 6 8 |  8.0
Stealth        | |  2.1

Action                     |  1- 3 |  4- 6 |  7- 9 | 10-12 | 13-15 || total
---------------------------+-------+-------+-------+-------+-------++-------
  Melee: Unarmed           |    10 |       |       |       |       ||    10
         Punch             |     1 |     1 |     2 |     7 |     5 ||    16
         Whip              |    14 |    20 |       |       |       ||    34
         Dagger            |       |    81 |   269 |    84 |       ||   434
         Tailslap          |       |       |     4 |       |       ||     4
         Demon whip        |       |       |       |   208 |   287 ||   495
   Cast: Freeze            |    40 |    29 |     2 |    48 |    15 ||   134
         Frozen Ramparts   |       |     7 |    38 |    58 |    57 ||   160
         Ozocubu's Armour  |       |     4 |    21 |    50 |    41 ||   116
         Ozocubu's Refrige |       |       |       |    17 |    12 ||    29
  Evoke: Wand              |       |       |     6 |       |       ||     6
    Use: Scroll            |       |       |    13 |     2 |     2 ||    17
         Potion            |       |       |     3 |     4 |     1 ||     8
   Stab: Sleeping          |     4 |     4 |     1 |       |       ||     9
         Distracted        |     1 |       |       |       |       ||     1
 Armour: Robe              |     3 |    24 |    68 |   200 |   168 ||   463
  Dodge: Dodged            |    34 |    86 |   167 |   237 |   301 ||   825
